 Dungeon Crawl Stone Soup version 0.28-a0-674-gdaf460b524 (webtiles) character file.

Game seed: 3135859760696902870

2 jasper the Grave Robber (level 1, -1/13 HPs)
             Began as a Demonspawn Necromancer on Oct 17, 2021.
             Slain by a hobgoblin (2 damage)
             ... on level 1 of the Dungeon.
             The game lasted 00:00:30 (379 turns).

jasper the Grave Robber (Demonspawn Necromancer)     Turns: 379, Time: 00:00:31

Health: -1/13      AC:  2    Str:  8    XL:     1   Next: 25%
Magic:  0/3        EV: 12    Int: 16    God:
Gold:   0          SH:  0    Dex: 13    Spells: 3/4 levels left

rFire   . . .      SeeInvis .   (no weapon)
rCold   . . .      Faith    .   (no shield)
rNeg    . . .      Spirit   .   a - +0 robe
rPois   .          Reflect  .   (no helmet)
rElec   .          Harm     .   (no cloak)
rCorr   .          Rampage  .   (no gloves)
Will    .....                   (no boots)
Stlth   ++........              (no amulet)
HPRegen 0.04/turn               (no ring)
MPRegen 0.08/turn               (no ring)

@: no status effects
A: no striking features
a: no special abilities


You were on level 1 of the Dungeon.
You visited 1 branch of the dungeon, and saw 1 of its levels.

Inventory:

Armour
 a - a +0 robe (worn)


   Skills:
 - Level 1.7 Dodging
 - Level 1.7 Stealth
 - Level 2.0 Spellcasting
 + Level 4.5 Necromancy


You had 3 spell levels left.
You knew the following spells:

 Your Spells              Type           Power      Damage    Failure   Level
a - Pain                  Necr           64%        1d7       3%          1

Your spell library contained the following spells:

 Spells                   Type           Power      Damage    Failure   Level
 Animate Skeleton         Necr           32%        N/A       3%          1
 Vampiric Draining        Necr           8%         2d7       10%         3
 Animate Dead             Necr           8%         N/A       32%         4
 Agony                    Necr           16%        N/A       65%         5


Dungeon Overview and Level Annotations

Branches:
Dungeon (1/15)

Altars:


Message History

You close the door.
You start resting.
A hobgoblin is nearby!
A hobgoblin is nearby!
Aiming: Pain (safe; 3% risk of failure)
Press: ? - help, Q - select action Shift-Dir - straight line, f - hobgoblin
Aim: a hobgoblin (chance to affect: 87%)
The hobgoblin writhes in agony.
The hobgoblin barely misses you.
You take 1 damage, and have 8/13 hp.
You now have 0/3 mp.
You closely miss the hobgoblin.
The hobgoblin is heavily wounded.
The hobgoblin hits you.
You take 3 damage, and have 5/13 hp.
MASSIVE DAMAGE!!
You barely miss the hobgoblin.
The hobgoblin is moderately wounded.
The hobgoblin hits you.
* * * LOW HITPOINT WARNING * * *
You take 2 damage, and have 3/13 hp.
You barely miss the hobgoblin.
The hobgoblin is moderately wounded.
The hobgoblin barely misses you.
You closely miss the hobgoblin.
The hobgoblin is moderately wounded.
The hobgoblin closely misses you.
You hit the hobgoblin but do no damage.
The hobgoblin is moderately wounded.
The hobgoblin hits you.
* * * LOW HITPOINT WARNING * * *
You take 3 damage, and have 1/13 hp.
MASSIVE DAMAGE!!
You hit the hobgoblin but do no damage.
The hobgoblin is moderately wounded.
The hobgoblin misses you.
You hit the hobgoblin but do no damage.
The hobgoblin is moderately wounded.
The hobgoblin barely misses you.
You hit the hobgoblin but do no damage.
The hobgoblin is moderately wounded.
The hobgoblin hits you.
You die...

......†...#.##
##.#.........#
#...#.........
#.....#
#P.$.♣#
##..♣###
#.##.##.#
#....bg<#
#.##.##@# #
#P.♣### ♣...
.... ###.##
###


You could see a hobgoblin and a bat.

Vanquished Creatures
  An endoplasm (D:1)
  A ball python (D:1)
2 creatures vanquished.

Notes
Turn   | Place    | Note
-------+----------+-------------------------------------------
     0 | D:1      | jasper the Demonspawn Necromancer began the quest for the
                  | Orb.
     0 | D:1      | Reached XP level 1. HP: 13/13 MP: 3/3
   379 | D:1      | Slain by a hobgoblin

Illustrated notes

Levels and vault maps discovered:
D:1:      sevenhm_arrival_forest_fort_small_4, layout_rooms

Action                   || total
-------------------------++-------
Melee: Unarmed           ||    13
 Cast: Pain              ||     6
Armor: Robe              ||     2
Dodge: Dodged            ||    10

Table legend: (Time is in decaauts)
 A = Elapsed time spent in this place.
 B = Non-inter-level travel time spent in this place.
 C = Inter-level travel time spent in this place.
 D = Time resting spent in this place.
 E = Time spent auto-exploring this place.
 F = Levels seen in this place.
 G = Mean time per level.
                   A        B        C        D        E       F      G
               +--------+--------+--------+--------+--------+-----+--------+
         Total |    379 |    379 |      0 |    330 |      9 |   1 |  379.0 |
       Dungeon |    379 |    379 |      0 |    330 |      9 |   1 |  379.0 |
               +--------+--------+--------+--------+--------+-----+--------+

Top non-repeatable levels by time:
     D:1: 379 daAuts
